When you think Zerg cheese, you think about a Zergling rush. Well, you can thank Blizzard for having put an end to that through a combination of economy changes, map design, and, the eternal enemy, buildings. A good Zerg player, however, can tell any lactose-intolerant person that life isn't worth living without cheese, and Ravagers have brought that back.
Well, this build isn't totally cheese: maybe it's just a cheese product, but it should appeal to Zerg players in the crowd. It's simple: build 6 Roaches at 3 minutes, build Ravagers at 4 minutes, and attack. It's that simple.
Such a build couldn't really work back in the Ravager-less days. A big Roach Zergling attack had to deal with Siege Tanks, walls, and Banshees. Thankfully, Ravagers can pretty much kill all of those things, so go for it.
http://lotv.spawningtool.com/2127/
12 | 0:01 | Drone | |
13 | 0:13 | Overlord | |
13 | 0:18 | Drone | |
14 | 0:29 | Extractor, Drone | |
14 | 0:33 | Drone | |
16 | 0:42 | Drone | |
17 | 0:58 | Hatchery | |
17 | 1:02 | Drone x2 | |
18 | 1:09 | Extractor | |
17 | 1:18 | Spawning Pool | |
17 | 1:19 | Drone | |
17 | 1:24 | Drone | |
18 | 1:30 | Drone | |
19 | 1:42 | Overlord | |
19 | 2:06 | Queen, Zergling x6 | Use these to prevent Reaper scouts |
23 | 2:17 | Queen, Roach Warren | |
23 | 2:21 | Drone | |
26 | 2:27 | Drone | |
26 | 2:28 | Overlord | |
27 | 3:00 | Roach x6 | Move across the map immediately |
39 | 3:05 | Extractor | |
38 | 3:11 | Drone | |
39 | 3:34 | Drone x5 | |
44 | 3:44 | Overlord x2 | |
44 | 4:03 | Ravager x4 | Morph in front of your opponent's base, then attack |
48 | 4:07 | Drone x5 | See? Not cheese if you're still droning |
Followup however you like, I guess
On Oct. 3, 2015, 11:55 a.m., StoicLoofah said:
I think the issue was gas timing and having enough to actually morph them, but that's a good point. It's worth playing around with the timing there!
On Sept. 27, 2015, 4:12 p.m., ChrispyK said:
Don't you want to morph the ravagers right away? Ravagers move faster than roaches, so your timing could be a few seconds sooner.